 Dungeon Crawl Stone Soup version 0.29-a0-1023-g6ae1a4a2c7 (webtiles) character file.

Game seed: 18080523069385366600

30 BritishOli the Trooper (level 3, 12/29 HPs)
             Began as a Demonspawn Fighter on Aug 11, 2022.
             Got out of the dungeon alive.
             The game lasted 00:00:42 (939 turns).

BritishOli the Trooper (Demonspawn Fighter)          Turns: 939, Time: 00:00:43

Health: 12/29      AC:  7    Str: 18    XL:     3   Next: 3%
Magic:  3/3        EV:  9    Int:  9    God:
Gold:   24         SH:  4    Dex: 12    Spells: 2/2 levels left

rFire   . . .      SeeInvis .   h - +1 short sword (freeze)
rCold   . . .      Faith    .   c - +0 buckler
rNeg    . . .      Spirit   .   b - +0 scale mail
rPois   .          Reflect  .   (no helmet)
rElec   .          Harm     .   (no cloak)
rCorr   .          Rampage  .   (no gloves)
Will    .....                   (no boots)
Stlth   ..........              (no amulet)
HPRegen 0.09/turn               (no ring)
MPRegen 0.16/turn               (no ring)

@: no status effects
A: rugged brown scales 1, magic regeneration
a: no special abilities


You escaped.
You visited 1 branch of the dungeon, and saw 1 of its levels.

You collected 24 gold pieces.

Inventory:

Hand Weapons
 a - a +0 long sword
 h - a +1 short sword of freezing (weapon)
Armour
 b - a +0 scale mail (worn)
 c - a +0 buckler (worn)
Scrolls
 f - 2 scrolls of identify {unknown}
Potions
 d - a potion of might
 e - a potion of heal wounds {unknown}
 g - 2 potions of flight {unknown}
 i - 2 potions of curing {unknown}


   Skills:
 + Level 3.3 Fighting
 + Level 2.2 Long Blades
 + Level 3.0 Armour
 + Level 3.0 Shields


You had 2 spell levels left.
You didn't know any spells.
Your spell library was empty.

Dungeon Overview and Level Annotations

Branches:
Dungeon (1/15)

Altars:


Innate Abilities, Weirdness & Mutations

You are partially covered in rugged brown scales. (AC +1, +3% HP)
You regenerate magic rapidly.


Message History

The endoplasm is heavily wounded.
You block the endoplasm's attack.
You hit the endoplasm but do no damage.
The endoplasm is heavily wounded.
The endoplasm hits you but does no damage.
You hit the endoplasm. You freeze the endoplasm.
The endoplasm is almost dead.
The endoplasm freezes you.
You are frozen.
* * * LOW HITPOINT WARNING * * *
You hit the endoplasm. You freeze the endoplasm.
You kill the endoplasm!
You barely miss the rat. The rat bites you but does no damage.
You hit the rat. You freeze the rat.
You kill the rat!
The quokka barely misses you.
You barely miss the quokka.
The quokka bites you but does no damage.
You hit the quokka. You freeze the quokka.
You kill the quokka!
You have reached level 3!
Your experience leads to an increase in your attributes!
Increase (S)trength, (I)ntelligence, or (D)exterity?
You feel stronger. x2; Your demonic ancestry asserts itself...
Your magic begins to regenerate rapidly.
You hit the hobgoblin but do no damage.
The hobgoblin is heavily wounded.
You block the hobgoblin's attack.
You closely miss the hobgoblin.
The hobgoblin is heavily wounded.
The hobgoblin hits you.
You hit the hobgoblin. You freeze the hobgoblin.
You kill the hobgoblin!
(D) Dungeon
Where to? (? - help)
Okay, then.
You see here 5 stones.
There is a staircase leading out of the dungeon here.
Are you sure you want to leave the Dungeon?
This will make you lose the game!
You have escaped!

.#............#.##.# #.#
.#............#.##.#####.#####
.#............#.##...........#
.#............##########.###.#
.#.#############...........#'#
.#.# #...........#.#
.#.#############...#..#..#.#'####
.#.##..........#........≈..+....#
.#.##..........#@......°.8.####..
.#.##..........#........○..+.....
.#.##..........#...#..#.°#.#+##..
.#.#...........#...........#.##..
.#.##..........#...........#)##..
....#..........#########.###.####
##..#..........# #.......#
##..#########.## ###.###†###
.......# #.# #.# #.#..


There were no monsters in sight!

Vanquished Creatures
  2 ball pythons (D:1)
  3 bats (D:1)
  3 endoplasms (D:1)
  A giant cockroach (D:1)
  2 goblins (D:1)
  4 hobgoblins (D:1)
  A quokka (D:1)
  A frilled lizard (D:1)
  4 kobolds (D:1)
  5 rats (D:1)
26 creatures vanquished.

Notes
Turn   | Place    | Note
-------+----------+-------------------------------------------
     0 | D:1      | BritishOli the Demonspawn Fighter began the quest for the
                  | Orb.
     0 | D:1      | Reached XP level 1. HP: 18/18 MP: 1/1
   303 | D:1      | Gained mutation: You are partially covered in rugged brown
                  | scales. (AC +1, +3% HP) [demonic ancestry]
   303 | D:1      | Reached XP level 2. HP: 10/24 MP: 2/2
   901 | D:1      | Gained mutation: You regenerate magic rapidly. [demonic
                  | ancestry]
   901 | D:1      | Reached XP level 3. HP: 10/29 MP: 3/3
   939 | D:$      | Got out of the dungeon alive.

Illustrated notes

Levels and vault maps discovered:
D:1:      shiori_arrival_oz, layout_basic

Skill      XL: |  1  2 |
---------------+-------+-----
Long Blades    | 2 |  2.2
Shields        | 3 |  3.0
Armour         | 3 |  3.0
Fighting       | |  3.3

Action                   || total
-------------------------++-------
Melee: Long sword        ||    55
       Short sword       ||    21
Armor: Scale mail        ||    42
Dodge: Dodged            ||    32
Block: Buckler           ||    12

Table legend: (Time is in decaauts)
 A = Elapsed time spent in this place.
 B = Non-inter-level travel time spent in this place.
 C = Inter-level travel time spent in this place.
 D = Time resting spent in this place.
 E = Time spent auto-exploring this place.
 F = Levels seen in this place.
 G = Mean time per level.
                   A        B        C        D        E       F      G
               +--------+--------+--------+--------+--------+-----+--------+
         Total |    959 |    926 |     33 |      0 |    755 |   1 |  959.0 |
       Dungeon |    959 |    926 |     33 |      0 |    755 |   1 |  959.0 |
               +--------+--------+--------+--------+--------+-----+--------+

Top non-repeatable levels by time:
     D:1: 959 daAuts
